 Dungeon Crawl Stone Soup version 0.31-a0-1626-g5cb510d322 (webtiles) character file.

Game seed: 17191138573378838253

3677 Newt the Skirmisher (level 10, 0/51 HPs)
             Began as a Kobold Hunter on Jan 12, 2024.
             Was an Initiate of Hepliaklqana.
             Killed from afar by a wretched star (31 damage)
             ... with a lance of force
             ... on level 1 of the Abyss.
             The game lasted 00:09:55 (6791 turns).

Newt the Skirmisher (Kobold Hunter)                 Turns: 6791, Time: 00:09:55

Health: 0/51       AC:  6    Str: 12    XL:     10   Next: 34%
Magic:  14/14      EV: 22    Int:  9    God:    Hepliaklqana [......]
Gold:   431        SH:  0    Dex: 18    Spells: 15/15 levels left

rFire   + + .        a - +2 shortbow
rCold   . . .        (shield currently unavailable)
rNeg    . . .        v - +2 leather armour {rF+}
rPois   .            q - +0 hat
rElec   .            l - +0 cloak
rCorr   .            C - +0 pair of gloves
SInv    .            w - +0 pair of boots
Will    +....        o - amulet of regeneration
Stlth   +++++        m - ring of protection from fire
HPRegen 1.08/turn    B - ring "Cecsoi" {EV+5 Int+3}
MPRegen 0.14/turn

%: random rage (9%)
@: brilliant, enlightened, flying
A: small, no large weapons, nightstalker 3, strong 1, [berserk 2], [clumsy 2],
[deformed body], [deterioration 2], [dopey 2], [frail 2], [subdued magic 2]
a: Renounce Religion


You were on level 1 of the Abyss.
You worshipped Hepliaklqana.
Hepliaklqana was noncommittal.
You visited 2 branches of the dungeon, and saw 9 of its levels.
You visited the Abyss 1 time.
You also visited: Sewer.

You collected 431 gold pieces.

Inventory:

Hand Weapons
 a - a +2 shortbow (weapon)
Missiles
 g - a throwing net
Armour
 c - a +1 leather armour
 l - a +0 cloak (worn)
 q - a +0 hat (worn)
 v - a +2 leather armour of fire resistance (worn)
 w - a +0 pair of boots (worn)
 C - a +0 pair of gloves (worn)
Jewellery
 i - an amulet of guardian spirit
 m - a ring of protection from fire (left hand)
 o - an amulet of regeneration (around neck)
 B - the ring "Cecsoi" (right hand) {EV+5 Int+3}
   (You found it on level 6 of the Dungeon)

   [ring of evasion]

   EV+5:      It affects your evasion (+5).
   Int+3:     It affects your intelligence (+3).
 E - a ring of protection from fire
Scrolls
 b - 3 scrolls of butterflies
 e - a scroll of fog
 k - 2 scrolls of enchant armour
 p - a scroll of immolation
 x - a scroll of teleportation
 y - 3 scrolls of noise
 z - a scroll of vulnerability
Potions
 d - a potion of attraction
 f - a potion of magic
 h - a potion of curing
 j - 2 potions of degeneration
 n - a potion of enlightenment
 r - a potion of resistance
 s - a potion of mutation
 t - a potion of brilliance


   Skills:
 - Level 8.0 Fighting
 - Level 12.0 Ranged Weapons
 - Level 6.0 Dodging
 - Level 8.0 Stealth
 + Level 3.1 Spellcasting
 + Level 3.0 Earth Magic
 + Level 3.0 Alchemy


You had 15 spell levels left.
You didn't know any spells.
Your spell library contained the following spells:

 Spells                   Type           Power      Damage    Failure   Level
 Sting                    Conj/Alch      12%        1d3       14%         1
 Apportation              Tloc           2%         N/A       28%         1
 Necrotise                Necr           4%         1d4       28%         1
 Summon Small Mammal      Summ           4%         N/A       28%         1
 Cigotuvi's Dreadful Rot  Necr/Alch/Air  6%         N/A       28%         2
 Leda's Liquefaction      Alch/Erth      3%         N/A       65%         4
 Lee's Rapid Deconstruct  Erth           3%         3d5*      95%         5
 Dispel Undead            Necr           1%         3d6       97%         4
 Martyr's Knell           Necr/Summ      1%         N/A       97%         4
 Bombard                  Conj/Erth      1%         9d1       100%        6
 Death Channel            Necr           0%         N/A       100%        6


Dungeon Overview and Level Annotations

Branches:
Dungeon (8/15)             Temple (1/1) D:7           Sewer (visited)
   Lair: D:8-11

Altars:
Ashenzari
Cheibriados
Dithmenos
Elyvilon
Gozag
Hepliaklqana
Makhleb
Nemelex Xobeh
Okawaru
Qazlal
Sif Muna
Trog
Uskayaw
Vehumet
Wu Jian
Yredelemnul
Zin


Innate Abilities, Weirdness & Mutations

You are small and have problems with some larger weapons.
You are completely attuned to the shadows.
Your muscles are strong. (Str +4, Int/Dex -1)
[You have an uncontrollable temper.]
[You are very clumsy. (Dex -4)]
[Armour fits poorly on your strangely shaped body.]
[Your body often deteriorates upon taking damage.]
[You are very dopey. (Int -4)]
[You are very frail. (-20% HP)]
[Your spells are easier to cast, but less powerful.]


Message History

Something barely misses you. Something hits you.
The wretched star pulses with an eldritch light!
Your connection to magic feels subdued.
Your connection to magic feels more subdued.
Something hits you but does no damage. Something misses you.
Something hits you!
* * * LOW HITPOINT WARNING * * *
The wretched star pulses with an eldritch light!
You feel frail. x2; Your body twists and deforms.
Something hits you.
* * * LOW HITPOINT WARNING * * *
Something closely misses you. Something hits you but does no damage.
Something closely misses you. Something completely misses you.
An Executioner comes into view.
It was a potion of enlightenment.
You feel very buoyant.
You fly up into the air.
Something hits you.
* * * LOW HITPOINT WARNING * * *
Unknown command.
It was a potion of mutation.
You feel extremely strange.
You feel stronger.
It was a potion of brilliance.
You feel clever all of a sudden. Something hits you but does no damage.
It was a potion of heal wounds.
You feel much better. Something barely misses you.
Something closely misses you. x2
The wretched star pulses with an eldritch light!
You feel yourself wasting away.
You feel your body start to fall apart. Something closely misses you.
Something hits you. Something hits you but does no damage.
The wretched star pulses with an eldritch light!
You feel a little pissed off.
You feel extremely angry at everything!
You feel stupid. x2
Something closely misses you.
The wretched star glows turbulently.
The lance of force hits you!!
Ouch! That really hurt!
You die...

#.. ##.. ...
... . ...
#.####.#...
#@#.#....#.
#..#..*#.# .#
#.#.#.##..#.#
# ..#.##....#
.
.###...#.#.#..
...##....#
####.#.#.#.
#.#.....#
##..#.##.


You could see a wretched star.

Vanquished Creatures
  Pikel (D:6)
  A wyvern (D:8)
  Eustachio (D:5)
  A steam dragon (D:8)
  A water moccasin (D:6)
  3 ice beasts
  A sky beast (D:7)
  Pargi (Sewer)
  3 ogres
  2 centaurs
  A lemure (D:6)
  2 phantoms
  A kobold brigand (Sewer)
  Blork the orc (D:5)
  A gnoll sergeant (D:6)
  2 bullfrogs
  3 scorpions
  6 wights
  5 bombardier beetles
  A centaur zombie (D:4)
  A bullfrog zombie (D:4)
  2 gnoll boudas
  3 hounds
  4 jellies
  3 iguanas
  2 sleepcaps
  2 orc wizards
  2 hound zombies (D:4)
  8 gnolls
  4 adders
  2 white imps
  An adder zombie (D:4)
  4 dart slugs
  9 orcs
  9 giant cockroaches
  6 goblins
  2 hobgoblins (D:1)
  7 quokkas
  6 ball pythons
  6 bats
  7 frilled lizards
  12 kobolds
  4 rats
144 creatures vanquished.

Notes
Turn   | Place    | Note
-------+----------+-------------------------------------------
     0 | D:1      | Newt the Kobold Hunter began the quest for the Orb.
     0 | D:1      | Reached XP level 1. HP: 12/12 MP: 1/1
   119 | D:1      | Reached XP level 2. HP: 18/18 MP: 2/2
   678 | D:1      | Reached XP level 3. HP: 23/23 MP: 3/3
  1270 | D:2      | Reached XP level 4. HP: 27/30 MP: 2/4
  1933 | D:3      | Found a sparkling altar of Nemelex Xobeh.
  2157 | D:3      | Reached skill level 5 in Fighting
  2157 | D:3      | Reached XP level 5. HP: 14/35 MP: 3/5
  2723 | D:4      | Reached skill level 6 in Ranged Weapons
  3194 | D:4      | Found a basalt altar of Yredelemnul.
  3218 | D:4      | Reached skill level 7 in Ranged Weapons
  3218 | D:4      | Reached XP level 6. HP: 30/40 MP: 4/6
  3589 | D:5      | Entered Level 5 of the Dungeon
  3621 | D:5      | Noticed Blork the orc
  3637 | D:5      | Killed Blork the orc
  3638 | D:5      | Reached skill level 8 in Ranged Weapons
  3648 | D:5      | Reached XP level 7. HP: 42/44 MP: 7/7
  3741 | D:5      | Reached skill level 9 in Ranged Weapons
  3809 | D:5      | Reached skill level 5 in Dodging
  3957 | D:5      | Found a glowing drain.
  3969 | Sewer    | Entered a sewer
  3976 | Sewer    | Noticed Pargi
  3981 | Sewer    | Killed Pargi
  3982 | Sewer    | Reached XP level 8. HP: 48/49 MP: 8/8
  4197 | D:5      | Noticed Eustachio
  4212 | D:5      | Killed Eustachio
  4445 | D:5      | Noticed an air elemental
  4460 | D:5      | Found a stormy altar of Qazlal.
  4460 | D:5      | Noticed a water elemental
  4548 | D:5      | Noticed a fire elemental
  4654 | D:6      | You fall into a shaft and drop 2 floors!
  4838 | D:8      | Found an opulent altar of Gozag.
  4863 | D:8      | Noticed a wyvern
  4868 | D:8      | Killed a wyvern
  4886 | D:8      | Reached skill level 10 in Ranged Weapons
  4886 | D:8      | Reached XP level 9. HP: 46/59 MP: 9/9
  5244 | D:6      | Noticed Pikel
  5265 | D:6      | Killed Pikel
  5266 | D:6      | Reached skill level 12 in Ranged Weapons
  5331 | D:6      | Reached skill level 5 in Stealth
  5624 | D:6      | Reached XP level 10. HP: 64/64 MP: 10/10
  5636 | D:6      | Reached skill level 1 in Spellcasting
  5636 | D:6      | Reached skill level 1 in Earth Magic
  5636 | D:6      | Reached skill level 1 in Alchemy
  5707 | D:6      | Identified the ring "Cecsoi" {EV+5 Int+3}
  6084 | D:6      | Found a glowing silver altar of Zin.
  6093 | D:6      | Found an ornate altar of the Wu Jian Council.
  6322 | D:6      | Found an iron altar of Okawaru.
  6455 | D:7      | Found a staircase to the Ecumenical Temple.
  6461 | Temple   | Entered the Ecumenical Temple
  6484 | Temple   | Became a worshipper of Hepliaklqana the Forgotten
  6670 | Abyss:1  | Cast into level 1 of the Abyss (wight)
  6713 | Abyss:1  | Noticed a worldbinder
  6734 | Abyss:1  | Noticed a freezing wraith
  6737 | Abyss:1  | Noticed a freezing wraith
  6745 | Abyss:1  | Noticed a necromancer
  6745 | Abyss:1  | Noticed a necromancer
  6748 | Abyss:1  | Noticed a wretched star
  6756 | Abyss:1  | Noticed a wretched star
  6779 | Abyss:1  | Noticed an Executioner
  6782 | Abyss:1  | Gained mutation: Your muscles are strong. (Str +4, Int/Dex
                  | -1) [potion of mutation]
  6791 | Abyss:1  | Killed from afar by a wretched star

Illustrated notes

Levels and vault maps discovered:
D:1:      minmay_arrival_nine_rooms, layout_basic
D:2:      layout_loops_corners
D:3:      layout_basic, mainiacjoe_overflow_catwalk
D:4:      layout_basic, nicolae_yredelemnul_corpse_copse
D:5:      layout_loops_ring, nicolae_qazlal_style_of_elements,
          gup_sewer_entry_pipe, dk_rats_in_the_wall, uniq_eustachio,
          uniq_blork_the_orc
D:6:      minmay_chambers_of_threes, layout_loops_cross, lemuel_tele_altar,
          minitemple, minmay_misc_feat_x, uniq_pikel
D:7:      layout_loops_ring, minmay_temple_entry_wispy,
          kennysheep_decorative_pillar
D:8:      layout_layer_cave, mainiacjoe_overflow_alcove_1,
          mainiacjoe_overflow_brackets, grunt_ogre_cave
Temple:   cyrus_temple_forest
Abyss:1:  base: D:5, spicy_abyss_helpful_harpoons

Skill      XL: |  1  2  3  4  5  6  7  8  9 10 |
---------------+-------------------------------+-----
Fighting       | 3 4 5 8 |  8.0
Ranged Weapons | 7 8 9 10 12 | 12.0
Dodging        | 6 |  6.0
Stealth        | 7 8 |  8.0
Spellcasting   | 3 |  3.1
Earth Magic    | 3 |  3.0
Alchemy        | 3 |  3.0

Action                     |  1- 3 |  4- 6 |  7- 9 | 10-12 || total
---------------------------+-------+-------+-------+-------++-------
   Fire: Shortbow          |    61 |   122 |   286 |    91 ||   560
    Use: Scroll            |     8 |     5 |     4 |     2 ||    19
         Potion            |       |       |     1 |     5 ||     6
 Armour: Leather armour    |     7 |    27 |    83 |    38 ||   155
  Dodge: Dodged            |    17 |    42 |   155 |    52 ||   266

Table legend: (Time is in decaauts)
 A = Elapsed time spent in this place.
 B = Non-inter-level travel time spent in this place.
 C = Inter-level travel time spent in this place.
 D = Time resting spent in this place.
 E = Time spent auto-exploring this place.
 F = Levels seen in this place.
 G = Mean time per level.
                   A        B        C        D        E       F      G
               +--------+--------+--------+--------+--------+-----+--------+
         Total |   6788 |   6488 |    300 |    305 |   4849 |  11 |  617.1 |
       Dungeon |   6446 |   6191 |    255 |    305 |   4731 |   8 |  805.8 |
        Temple |     45 |      1 |     44 |      0 |      0 |   1 |   45.0 |
         Abyss |    120 |    120 |      0 |      0 |      0 |   1 |  120.0 |
         Sewer |    176 |    176 |      0 |      0 |    118 |   1 |  176.0 |
               +--------+--------+--------+--------+--------+-----+--------+

Top non-repeatable levels by time:
     D:6: 1326 daAuts
     D:2: 1122 daAuts
     D:4: 922 daAuts
     D:5: 867 daAuts
     D:3: 786 daAuts
     D:1: 782 daAuts
     D:7: 324 daAuts
     D:8: 315 daAuts
   Sewer: 176 daAuts
 Abyss:1: 120 daAuts
  Temple: 45 daAuts
